 Dungeon Crawl Stone Soup version 0.30.1-4-g462c640d31 (webtiles) character file.

Game seed: 16043342882813466731

50 Bobit the Poker (level 3, 0/31 HPs)
             Began as a Gnoll Reaver on Aug 13, 2023.
             Slain by an orc
             ... wielding a +0 war axe
              (4 damage)
             ... on level 3 of the Dungeon.
             The game lasted 00:02:00 (1036 turns).

Bobit the Poker (Gnoll Reaver)                      Turns: 1036, Time: 00:02:01

Health: 0/31       AC:  9    Str: 13    XL:     3   Next: 79%
Magic:  9/9        EV:  6    Int: 12    God:
Gold:   54         SH:  3    Dex: 10    Spells: 11/12 levels left

rFire   + . .        a - +0 spear
rCold   . . .        g - +0 buckler
rNeg    . . .        f - +0 chain mail
rPois   .            e - +0 helmet
rElec   .            (no cloak)
rCorr   .            (no gloves)
SInv    .            (no boots)
Will    .....        (no amulet) Stlth
                     c - ring of protection from fire
HPRegen 0.25/turn    (no ring)
MPRegen 0.11/turn

%: no passive effects
@: no status effects
A: fangs 1, strong nose, distributed training
a: no special abilities


You were on level 3 of the Dungeon.
You visited 1 branch of the dungeon, and saw 3 of its levels.

You collected 54 gold pieces.

Inventory:

Hand Weapons
 a - a +0 spear (weapon)
Armour
 b - a +0 leather armour
 e - a +0 helmet (worn)
 f - a +0 chain mail (worn)
 g - a +0 buckler (worn)
Jewellery
 c - a ring of protection from fire (left hand)
Scrolls
 h - a scroll of brand weapon {unknown}
Potions
 d - a potion of haste {unknown}


   Skills:
 + Level 4.6 Fighting
 + Level 1.0 Short Blades
 + Level 1.0 Long Blades
 + Level 1.0 Axes
 + Level 1.0 Maces & Flails
 + Level 6.5 Polearms
 + Level 1.0 Staves
 + Level 1.0 Ranged Weapons
 + Level 1.0 Throwing
 + Level 1.0 Armour
 + Level 4.6 Dodging
 + Level 1.0 Stealth
 + Level 1.0 Shields
 + Level 1.0 Unarmed Combat
 + Level 5.0 Spellcasting
 + Level 5.4 Conjurations
 + Level 0.7 Hexes
 + Level 0.7 Summonings
 + Level 0.7 Necromancy
 + Level 0.7 Translocations
 + Level 0.7 Transmutations
 + Level 0.7 Fire Magic
 + Level 0.7 Ice Magic
 + Level 0.7 Air Magic
 + Level 0.7 Earth Magic
 + Level 0.7 Poison Magic
 + Level 1.0 Invocations
 + Level 1.0 Evocations


You had 11 spell levels left.
You knew the following spells:

 Your Spells              Type           Power      Damage    Failure   Level
a - Kiss of Death         Conj/Necr      40%        2d8       87%         1

Your spell library contained the following spells:

 Spells                   Type           Power      Damage    Failure   Level
 Momentum Strike          Conj/Tloc      20%        3d8       95%         2
 Hailstorm                Conj/Ice       10%        3d5       99%         3


Dungeon Overview and Level Annotations

Branches:
Dungeon (3/15)

Altars:

Annotations:
D:2 Robin


Innate Abilities, Weirdness & Mutations

You have very sharp teeth.
Your uncanny sense of smell can sniff out nearby items.
Your experience applies equally to all skills.


Message History

The orc hits you with a +0 whip.
You hit the orc. Your bite misses the orc.
The orc is heavily wounded.
The orc completely misses you.
You hit the orc but do no damage.
The orc is heavily wounded.
The orc hits you but does no damage.
You hit the orc but do no damage.
The orc is heavily wounded.
The orc hits you with a +0 whip.
You barely miss the orc.
The orc is heavily wounded.
You hit the orc.
You kill the orc!
You closely miss the orc.
The orc is almost dead.
The orc hits you but does no damage.
You barely miss the orc.
The orc is almost dead.
The orc closely misses you.
You closely miss the orc.
The orc is almost dead.
You closely miss the orc.
The orc is almost dead.
You block the orc's attack.
Unknown command.
You barely miss the orc.
The orc is almost dead.
The orc completely misses you.
You hit the orc.
You kill the orc!
You hit the orc but do no damage. You hit the orc.
The orc is lightly wounded.
The orc hits you with a +0 war axe!
* * * LOW HITPOINT WARNING * * *
You hit the orc.
The orc is almost dead.
The orc hits you with a +0 war axe.
You die...

#.. ∆ #.#
#.# ...
..#####.###
......)†..#
#.# #o# #@#
#.#
#.####.#
#..<...#
#..#####
#..# #..#
#... #.#..


You could see an orc.

Vanquished Creatures
  2 adders
  3 orcs (D:3)
  3 ball pythons
  4 endoplasms
  2 goblins
  2 hobgoblins (D:1)
  2 kobolds
  2 quokkas
  4 bats
  A frilled lizard (D:2)
  2 rats
27 creatures vanquished.

Notes
Turn   | Place    | Note
-------+----------+-------------------------------------------
     0 | D:1      | Bobit the Gnoll Reaver began the quest for the Orb.
     0 | D:1      | Reached XP level 1. HP: 20/20 MP: 6/6
   150 | D:1      | Reached XP level 2. HP: 25/26 MP: 7/7
   876 | D:2      | Reached skill level 5 in Spellcasting
   876 | D:2      | Reached XP level 3. HP: 26/31 MP: 7/9
   949 | D:2      | Reached skill level 1 in Invocations
   970 | D:2      | Noticed Robin
  1013 | D:3      | Reached skill level 1 in Short Blades
  1013 | D:3      | Reached skill level 1 in Long Blades
  1013 | D:3      | Reached skill level 1 in Axes
  1013 | D:3      | Reached skill level 1 in Maces & Flails
  1013 | D:3      | Reached skill level 1 in Staves
  1013 | D:3      | Reached skill level 1 in Ranged Weapons
  1013 | D:3      | Reached skill level 1 in Throwing
  1013 | D:3      | Reached skill level 1 in Armour
  1013 | D:3      | Reached skill level 1 in Stealth
  1013 | D:3      | Reached skill level 1 in Shields
  1013 | D:3      | Reached skill level 1 in Unarmed Combat
  1013 | D:3      | Reached skill level 1 in Evocations
  1036 | D:3      | Slain by an orc

Illustrated notes

Levels and vault maps discovered:
D:1:      psy_arrival_dodecagon, layout_loops_ring
D:2:      layout_basic, nrook_uturn, chequers_garden, uniq_robin, uniq_sigmund
D:3:      layout_basic, chei_slow_surprise, serial_shops, nicolae_shop_stone

Skill      XL: |  1  2  3 |
---------------+----------+-----
Spellcasting   | 5 |  5.0
Invocations    | 1 |  1.0
Short Blades   | 1 |  1.0
Long Blades    | 1 |  1.0
Axes           | 1 |  1.0
Maces & Flails | 1 |  1.0
Staves         | 1 |  1.0
Ranged Weapons | 1 |  1.0
Throwing       | 1 |  1.0
Armour         | 1 |  1.0
Stealth        | 1 |  1.0
Shields        | 1 |  1.0
Unarmed Combat | 1 |  1.0
Evocations     | 1 |  1.0
Fighting       | |  4.6
Polearms       | |  6.5
Dodging        | |  4.6
Conjurations   | |  5.4
Hexes          | |  0.7
Summonings     | |  0.7
Necromancy     | |  0.7
Translocations | |  0.7
Transmutations | |  0.7
Fire Magic     | |  0.7
Ice Magic      | |  0.7
Air Magic      | |  0.7
Earth Magic    | |  0.7
Poison Magic   | |  0.7

Action                     || total
---------------------------++-------
  Melee: Spear             ||   117
         Punch             ||     2
         Bite              ||     3
 Armour: Leather armour    ||     2
         Chain mail        ||    29
  Dodge: Dodged            ||    23
  Block: Buckler           ||    11
